 Dungeon Crawl Stone Soup version 0.29.1-14-g9c671dbff4 (webtiles) character file.

Game seed: 15236001977138511565

88 Maelyn the Chopper (level 4, -9/41 HPs)
             Began as a Hill Orc Monk on Feb 17, 2023.
             Mangled by a gnoll
             ... wielding a +0 flail
              (11 damage)
             ... on level 2 of the Dungeon.
             The game lasted 00:08:11 (1714 turns).

Maelyn the Chopper (Hill Orc Monk)                  Turns: 1714, Time: 00:08:12

Health: -9/41      AC:  5    Str: 15    XL:     4   Next: 54%
Magic:  4/4        EV:  7    Int: 10    God:
Gold:   73         SH:  0    Dex: 13    Spells: 3/3 levels left

rFire   . . .      SeeInvis .   a - +0 hand axe
rCold   . . .      Faith    .   (no shield)
rNeg    . . .      Spirit   .   e - +0 chain mail
rPois   .          Reflect  .   k - +0 helmet
rElec   .          Harm     .   (no cloak)
rCorr   .          Rampage  .   (no gloves)
Will    .....                   (no boots)
Stlth   ..........              (no amulet)
HPRegen 0.13/turn               (no ring)
MPRegen 0.09/turn               (no ring)

@: no status effects
A: deformed body
a: no special abilities


You were on level 2 of the Dungeon.
You visited 1 branch of the dungeon, and saw 2 of its levels.

You collected 73 gold pieces.

Inventory:

Hand Weapons
 a - a +0 hand axe (weapon)
Missiles
 g - 14 poisoned darts (quivered)
Armour
 b - a +0 robe
 e - a +0 chain mail (worn)
 k - a +0 helmet (worn)
Jewellery
 m - a ring of protection from fire
Scrolls
 f - a scroll of fog {unknown}
 h - a scroll of poison
 n - a scroll of teleportation {unknown}
 o - a scroll of identify {unknown}
Potions
 c - 2 potions of ambrosia
 d - a potion of flight {unknown}
 i - a potion of mutation
 j - a potion of degeneration {unknown}
 l - a potion of invisibility {unknown}


   Skills:
 + Level 4.4 Fighting
 * Level 5.6 Axes
 + Level 1.9 Armour
 - Level 2.4 Dodging
 - Level 1.5 Stealth


You had 3 spell levels left.
You didn't know any spells.
Your spell library contained the following spells:

 Spells                   Type           Power      Damage    Failure   Level
 Gell's Gravitas          Tloc           0%         N/A       100%        3
 Portal Projectile        Hex/Tloc       0%         N/A       100%        3
 Teleport Other           Tloc           0%         N/A       100%        3
 Tukima's Dance           Hex            0%         N/A       100%        3
 Blade Hands              Tmut           0%         N/A       100%        5
 Dispersal                Tloc           0%         N/A       100%        6


Dungeon Overview and Level Annotations

Branches:
Dungeon (2/15)

Altars:


Innate Abilities, Weirdness & Mutations

Armour fits poorly on your strangely shaped body.


Message History

The gnoll is severely wounded.
You barely miss the gnoll.
The gnoll is severely wounded.
You hit the gnoll. The gnoll closely misses you.
The gnoll hits you with a +0 flail.
You hit the gnoll.
You kill the gnoll!
You hit the gnoll but do no damage. The gnoll hits you but does no damage.
You barely miss the gnoll.
The gnoll is severely wounded.
You hit the gnoll but do no damage. The gnoll hits you with a +0 flail.
The gnoll barely misses you.
You closely miss the gnoll.
The gnoll is severely wounded.
You hit the gnoll.
The gnoll hits you but does no damage. x2
You closely miss the gnoll.
The gnoll is severely wounded.
You hit the gnoll. The gnoll hits you with a +0 flail.
The gnoll hits you with a +0 club.
You are too injured to fight recklessly!
The gnoll attacks as you move away! The gnoll hits you but does no damage.
The gnoll attacks as you move away! The gnoll hits you with a +0 flail.
The gnoll attacks as you move away! The gnoll hits you but does no damage.
The gnoll attacks as you move away! The gnoll barely misses you.
The gnoll attacks as you move away! The gnoll hits you with a +0 flail.
* * * LOW HITPOINT WARNING * * *
The gnoll attacks as you move away! The gnoll hits you but does no damage.
The gnoll attacks as you move away! The gnoll hits you with a +0 flail.
* * * LOW HITPOINT WARNING * * *
It was a potion of mutation.
You feel extremely strange.
Your bones become slightly less dense.
Your body twists and deforms.
Your skeletal structure returns to normal.
The gnoll hits you with a +0 flail.
* * * LOW HITPOINT WARNING * * *
Unknown command.
Okay, then.
The air fills with toxic fumes!
As you read the scroll labelled JOYSIS MAUGHEGG, it crumbles to dust.
It was a scroll of poison.
The gnoll hits you with a +0 flail!
You die...

#.# #.# #.#.#######.#..... #.#
#.# #§#§§§§.......###†
#.####.#####§#§§§......# #.
#.##......§§§§§§####.#.## #.
#####.##.#.####§§§§§####....# #)
..............§§§§§.§§......####.
#####......####§§§.§##...........
####.### ##§#§§##§§...#####. #.#
#@gg§§§§§...# ## ...
#§§§§§§§§..## # #.#.#
#######§§#.# # #. .# #..#.# # ##
## #..#÷# #..#.# #..#.#######
#..#††...... ...#...#####


You could see 2 gnolls.

Vanquished Creatures
  A gnoll (D:2)
  An adder (D:2)
  A worm (D:2)
  2 dart slugs
  3 endoplasms
  3 giant cockroaches
  6 goblins
  5 hobgoblins
  3 jackals (D:2)
  8 kobolds
  3 quokkas (D:2)
  9 ball pythons
  7 bats
  2 frilled lizards
  5 rats
59 creatures vanquished.

Notes
Turn   | Place    | Note
-------+----------+-------------------------------------------
     0 | D:1      | Maelyn the Hill Orc Monk began the quest for the Orb.
     0 | D:1      | Reached XP level 1. HP: 19/19 MP: 1/1
    84 | D:1      | Reached XP level 2. HP: 27/27 MP: 2/2
   346 | D:1      | Reached skill level 1 in Armour
   637 | D:1      | Reached XP level 3. HP: 31/33 MP: 3/3
   852 | D:1      | Reached skill level 5 in Axes
  1280 | D:2      | Reached XP level 4. HP: 32/40 MP: 4/4
  1658 | D:2      | Found a faded altar of an unknown god.
  1667 | D:2      | Noticed a shining eye
  1669 | D:2      | Noticed a shining eye
  1669 | D:2      | Noticed a great orb of eyes
  1669 | D:2      | Noticed an eye of devastation
  1713 | D:2      | Gained mutation: You have a somewhat thin skeletal
                  | structure. (Dex +2, Stealth+) [potion of mutation]
  1713 | D:2      | Gained mutation: Armour fits poorly on your strangely
                  | shaped body. [potion of mutation]
  1713 | D:2      | Lost mutation: You have a somewhat thin skeletal structure.
                  | (Dex +2, Stealth+) [potion of mutation]
  1713 | D:2      | HP: 2/41 [gnoll/+0 flail (2)]
  1714 | D:2      | Mangled by a gnoll

Illustrated notes

Levels and vault maps discovered:
D:1:      lemuel_arrival_behind_the_door_large, layout_basic,
          minmay_misc_feat_enclosed
D:2:      layout_loops_ring, hellmonk_ecumenical_altar_watching_god

Skill      XL: |  1  2  3 |
---------------+----------+-----
Armour         | 1 |  1.9
Fighting       | 4 |  4.4
Axes           | 5 |  5.6
Dodging        | |  2.4
Stealth        | |  1.5

Action                   |  1- 3 |  4- 6 || total
-------------------------+-------+-------++-------
Melee: Hand axe          |   143 |    50 ||   193
       Punch             |     1 |       ||     1
Throw: Dart              |     1 |       ||     1
  Use: Scroll            |       |     1 ||     1
       Potion            |       |     1 ||     1
Armor: Chain mail        |    98 |    32 ||   130
Dodge: Dodged            |    57 |    27 ||    84
